Cogmind - Beta 10.2 @@@ ROGUE MODE // 2021.07.20 @ 19:30:27 Player: Demise Result: Destroyed self with Light Nuclear Core chain reaction Performance ------------- Evolutions (3) 1500 Regions Visited (12) 2400 Robots Destroyed (179) 895 Value Destroyed (7454) 7454 Prototype IDs (25) 500 Alien Tech Used (0) 0 Bonus (-3862) -3862 TOTAL SCORE: 8887 Bonus ------- High Alert Combat Kills 708 Follower Combat Kills 849 Entered Garrisons 600 Used RIF Installer 1000 Friendly Fire -7019 Cogmind --------- Core Integrity 0/700 Matter 289/300 Energy 216/290 System Corruption 21% Temperature Cool (0) Movement Walking (300) Ox6 Location -7/Garrison Parts ------- > --- POWER (1) -------- Improved Deuterium Engine > --- PROPULSION (2) --- Aluminum Leg Carbon-fiber Leg > --- UTILITY (8) ------ High-capacity Storage Unit High-capacity Storage Unit High-capacity Storage Unit High-capacity Storage Unit Hacking Suite System Shield Relay Coupler [Sentry] (9) Relay Coupler [Hunter] (2) > --- WEAPON (2) ------- Gauss Cannon Proton Missile Launcher > --- INVENTORY (36) --- Aluminum Leg Aluminum Leg Aluminum Leg Armored Wheel High-capacity Storage Unit Compact Battery (300) High-capacity Matter Pod (200) Structural Scanner Advanced Sensor Array Advanced Salvage Targeting Computer Particle Charger Core Shielding Hardened Medium Armor Plating Improved Medium Armor Plating Medium Reactive Plating Damper Plating Improved Powered Armor Relay Coupler [ARC] (11) Relay Coupler [Swarmer] (53) Relay Coupler [Swarmer] (37) Relay Coupler [Brawler] (26) Relay Coupler [Hunter] (15) Relay Coupler [Hunter] (18) Lightning Gun Lightning Gun Flak Gun Flak Gun Hypervelocity Gauss Cannon Proton Missile Launcher Remote Datajack Peak State ------------ > --- POWER ------------ Antimatter Reactor > --- PROPULSION ------- Heavy Treads > --- UTILITY ---------- Medium Storage Unit Large Storage Unit Large Storage Unit High-capacity Storage Unit High-capacity Storage Unit System Shield Relay Coupler [Swarmer] Relay Coupler [Grunt] > --- WEAPON ----------- Gauss Cannon Remote Datajack > --- INVENTORY -------- Improved Deuterium Engine Compact Battery High-capacity Matter Pod Structural Scanner Advanced Sensor Array Advanced Salvage Targeting Computer Hardened Medium Armor Plating Improved Medium Armor Plating Medium Reactive Plating Damper Plating Damper Plating Improved Powered Armor Hacking Suite Relay Coupler [NC] Relay Coupler [NC] Relay Coupler [NC] Relay Coupler [ARC] Relay Coupler [Swarmer] Relay Coupler [Grunt] Relay Coupler [Sentry] Relay Coupler [Hunter] Relay Coupler [Hunter] Relay Coupler [Hunter] Relay Coupler [Behemoth] Shock Rifle Flak Gun Hypervelocity Gauss Cannon Heavy Rocket Launcher Remote Datajack Greatsword [Rating: 55] Favorites ----------- Power Cooled Ion Engine Engine Cooled Ion Engine Power Core Nuclear Core Reactor Antimatter Reactor Propulsion Light Treads Treads Light Treads Leg Carbon-fiber Leg Wheel Armored Wheel Utility High-capacity Storage Unit Device Advanced Sensor Array Storage High-capacity Storage Unit Processor Armor Integrity Analyzer Hackware System Shield Protection Weapon Shielding Weapon Flak Gun Energy Gun Shock Rifle Ballistic Gun Flak Gun Ballistic Cannon Gauss Cannon Launcher Proton Missile Launcher Special Weapon Remote Datajack Slashing Weapon Greatsword Special Melee Weapon Datajack Build | -11 -10 -10 -10 -9 -8 -8 -7 -7 -7 -7 -7 -7 ------- Run | Scr Mat Min Exi Min Mat Gar Fac Was Fac Gar Fac Gar Slots Evolved 6 | . . . . . 4 . 2 . . . . . Power . | . . . . . . . . . . . . . Propulsion . | . . . . . . . . . . . . . Utility 6 | . . . . . 4 . 2 . . . . . Weapon . | . . . . . . . . . . . . . Parts Attached 229 | 5 15 9 1 7 20 22 36 8 24 16 37 29 Power 17 | . 1 2 . 1 3 . 2 1 . 1 3 3 Engine 11 | . 1 2 . 1 3 . 2 . . . . 2 Core 3 | . . . . . . . . . . . 2 1 Reactor 3 | . . . . . . . . 1 . 1 1 . Propulsion 31 | 2 . . . 2 4 . 3 2 . 1 7 10 Treads 17 | 2 . . . . 4 . 3 2 . 1 1 4 Leg 7 | . . . . 2 . . . . . . . 5 Wheel 7 | . . . . . . . . . . . 6 1 Hover . | . . . . . . . . . . . . . Flight . | . . . . . . . . . . . . . Utility 82 | . 5 1 . . 6 5 19 4 11 8 17 6 Device 12 | . . . . . . 1 4 1 5 1 . . Storage 18 | . 2 1 . . . 3 . 1 2 . 9 . Processor 7 | . 2 . . . 1 . 3 . 1 . . . Hackware 18 | . . . . . . . 5 1 1 2 5 4 Protection 27 | . 1 . . . 5 1 7 1 2 5 3 2 Artifact . | . . . . . . . . . . . . . Weapon 99 | 3 9 6 1 4 7 17 12 1 13 6 10 10 Energy Gun 8 | 1 1 . . 1 1 . . . . 1 . 3 Energy Cannon . | . . . . . . . . . . . . . Ballistic Gun 47 | 1 4 4 . 2 5 13 7 . 7 1 3 . Ballistic Cannon 6 | . . . . . . . . . 1 2 2 1 Launcher 10 | . . 2 . . . 1 1 . 2 . 1 3 Special Weapon 16 | 1 4 . . . . . 3 . 2 1 2 3 Impact Weapon . | . . . . . . . . . . . . . Slashing Weapon 9 | . . . . . . 3 1 1 1 1 2 . Piercing Weapon . | . . . . . . . . . . . . . Special Melee Weapon 3 | . . . 1 1 1 . . . . . . . Unidentified Prototypes 4 | . . . . . 3 . . . 1 . . . Parts Lost 35 | . . 3 . 2 2 5 2 1 2 6 2 10 Power 5 | . . . . 1 . . . . . 1 . 3 Propulsion 10 | . . 1 . 1 . 1 1 . . 1 1 4 Utility 11 | . . . . . 2 4 1 . 1 3 . . Weapon 9 | . . 2 . . . . . 1 1 1 1 3 Highest Loss Streak 6 | . . 2 . 2 1 2 1 1 1 2 1 6 Average Slot Usage (%) 87 | . 82 90 85 76 91 77 95 87 90 89 91 85 Engine 4 | . . 10 14 4 9 9 7 3 . . . . Reactor 1 | . . . . . . . . 3 7 6 2 . Treads 10 | . 28 22 14 2 9 10 10 10 7 6 2 6 Wheel 1 | . . . . . . . . . . . 7 3 Device 1 | . . . . . . . 6 3 4 . . . Storage 29 | . 8 28 28 28 18 24 30 34 38 38 38 30 Processor 6 | . 14 . . . 1 9 16 11 7 7 . . Hackware 5 | . . . . . . . 2 8 7 6 17 23 Protection 5 | . 2 . . . 26 11 3 1 2 7 2 4 Ballistic Gun 11 | . 23 27 15 21 17 10 12 1 8 5 4 . Special Weapon 1 | . 4 . . . . . 2 2 3 . 2 3 Slashing Weapon 1 | . . . . . . 3 . 4 . 1 1 . Naked Turns . | . . . . . . . . . . . . . Heaviest Build 179 | 4 43 47 45 47 68 87 102 102 136 139 179 179 Greatest Support 70 | 40 40 40 20 25 40 40 42 70 70 70 70 40 Greatest Overweight (x) 43 | 1 2 2 2 14 3 4 5 2 1 1 43 14 Average Overweight (x) 2 | . . 1 2 2 1 2 2 1 1 1 3 5 Largest Inventory Capacity 44 | 4 16 16 16 16 16 28 28 32 36 36 44 44 Average Capacity 26 | 4 8 16 16 16 16 20 28 30 33 36 37 36 Most Carried 44 | 4 13 16 16 16 16 28 28 32 34 36 44 42 Average Carried 24 | 3 7 15 16 15 14 19 27 29 30 35 36 32 Final Capacity 44 | 4 16 16 16 16 16 28 28 32 36 36 44 36 Final Carried 42 | 4 13 16 16 16 16 27 28 32 34 36 42 32 Class Distribution -------------------- 55% | Bothacker-Mutant 33% | Mutant 5% | Hauler-Mutant Dominant Class ---------------- Mutant | -10/Materials Mutant | -10/Mines Mutant | -10/Exiles Mutant | -9/Mines Mutant | -8/Materials Mutant | -8/Garrison Bothacker-Mutant | -7/Factory Bothacker-Mutant | -7/Waste Bothacker-Mutant | -7/Factory Bothacker-Mutant | -7/Garrison Bothacker-Mutant | -7/Factory Bothacker-Mutant | -7/Garrison Resources | -11 -10 -10 -10 -9 -8 -8 -7 -7 -7 -7 -7 -7 ----------- Run | Scr Mat Min Exi Min Mat Gar Fac Was Fac Gar Fac Gar Matter Collected 6186 | 274 300 343 . 74 416 716 686 321 724 543 921 868 Remotely . | . . . . . . . . . . . . . Salvage Created 7346 | 198 388 146 . 166 755 938 779 801 794 628 1040 713 Parts 401 | 14 27 19 . 6 47 46 45 30 58 25 58 26 Haulers Intercepted 6 | . 1 . . . 2 . 2 . . . 1 . Recyclers Shooed 1 | . . 1 . . . . . . . . . . Parts Field Recycled . | . . . . . . . . . . . . . Retrieved Matter . | . . . . . . . . . . . . . Parts Self-Destructed . | . . . . . . . . . . . . . Prevented . | . . . . . . . . . . . . . Kills | -11 -10 -10 -10 -9 -8 -8 -7 -7 -7 -7 -7 -7 ------- Run | Scr Mat Min Exi Min Mat Gar Fac Was Fac Gar Fac Gar Combat Hostiles Destroyed 134 | . 10 9 . 1 14 25 17 . 14 13 17 14 Melee 12 | . . . . . . 1 1 . . 6 4 . Guns 87 | . 10 4 . 1 14 21 13 . 11 4 9 . Cannons 7 | . . . . . . . . . . 3 3 1 AOE 25 | . . 5 . . . 3 3 . 3 . 1 10 Classes Destroyed 17 | 2 4 1 . . 3 1 1 2 2 1 . . Worker 4 | . . . . . 1 . 1 . . . 2 . Builder 5 | . . . . . . . . . 3 . 2 . Tunneler 6 | 5 1 . . . . . . . . . . . Hauler 6 | . 1 . . . 2 . 2 . . . 1 . Recycler 2 | 1 . . . . . . . . . . 1 . Mechanic 1 | . . 1 . . . . . . . . . . Operator 1 | . . . . . 1 . . . . . . . Watcher 4 | . 2 . . . . . . . 2 . . . Swarmer 34 | . 6 6 . . 3 11 7 . . . 1 . Grunt 68 | . 4 3 . 1 8 12 7 . 7 8 7 11 Brawler 1 | . . . . . . . . . . 1 . . Duelist 3 | . . . . . . . . . 1 . 1 1 Sentry 10 | . . . . . 3 1 . . 3 1 2 . Specialist 3 | . . . . . . . . . . 1 . 2 Hunter 4 | . . . . . . 1 . . 1 1 1 . Programmer 11 | . . . . . . . 3 . 2 1 5 . Surgeon 2 | . . . . . . . . 2 . . . . Wasp 2 | . . . . . . . . 2 . . . . Thug 7 | . . . . . . . . 7 . . . . Savage 2 | . . . . . . . . 2 . . . . Martyr 2 | . . . . . . . . 2 . . . . Best Kill Streak 9 | 6 3 4 . 1 4 9 5 . 9 6 4 5 Combat Bots Only 9 | . 3 3 . 1 3 9 5 . 6 6 3 5 Max Kills in Single Turn 3 | 2 2 3 . 1 2 1 3 1 2 1 3 2 Gunslinging . | . . . . . . . . . . . . . Exploded 3 | . . 2 . . . 1 3 . 2 . 1 2 Melee 1 | . . . . . . 1 1 . . 1 1 . Uniques/NPCs Destroyed 1 | . . . . 1 . . . . . . . . YI-UF0 (-9/Mines) Combat | -11 -10 -10 -10 -9 -8 -8 -7 -7 -7 -7 -7 -7 -------- Run | Scr Mat Min Exi Min Mat Gar Fac Was Fac Gar Fac Gar Damage Taken 8750 | . 366 284 . 71 815 713 1160 54 1307 1136 1383 1461 Core 985 | . 26 34 . . 91 116 110 . 70 57 252 229 Absorbed by Shields . | . . . . . . . . . . . . . Reduced by Siege Mode 104 | . . . . . . . . . 52 52 . . Core Remaining (%) 79 | 100 . . . 76 . 62 . . . . . . Volleys Fired 474 | 8 47 17 . 8 67 54 75 10 38 39 62 49 Largest 2 | 2 2 2 . 2 2 2 2 1 2 2 2 2 Hottest 110 | 60 100 50 . 40 75 56 56 30 67 98 78 110 Shots Fired 763 | 16 86 30 . 10 134 91 123 10 64 63 86 50 Gun 600 | 16 81 27 . 10 134 85 99 1 53 35 52 7 Cannon 44 | . . . . . . . . . . 23 11 10 Launcher 39 | . . 3 . . . 6 1 . 4 . 2 23 Special 80 | . 5 . . . . . 23 9 7 5 21 10 Kinetic 591 | 8 76 27 . 4 131 85 99 1 53 37 60 10 Thermal 13 | . 10 . . . 3 . . . . . . . Explosive 17 | . . 3 . . . 6 1 . 4 . . 3 Electromagnetic 67 | 8 . . . 6 . . . . . 21 5 27 Robot Hit Streak 34 | 5 9 12 . 13 22 6 14 4 21 34 13 32 Robot Miss Streak 9 | 2 3 2 . 1 5 9 4 1 2 3 6 2 Penetration Max . | . . . . . . . . . . . . . Secondary Targets 6 | . 3 . . . . . 1 . 1 . 1 . Max Gunslinging Chain 1 | . 1 . . . . . 1 . 1 . 1 . Shots Hit Robots 509 | 8 51 22 4 9 88 37 80 40 34 43 60 33 Core Hits 477 | 7 24 15 . 5 69 87 44 15 84 38 65 24 Critical Hits 12 | . 1 . . 1 . 1 . 2 . 2 5 . Critical Kills 7 | . . . . 1 . 1 . . . 1 4 . Critical Parts Destroyed 4 | . 1 . . . . . . 1 . 1 1 . Melee Attacks 127 | . . . 4 1 1 23 2 34 5 22 35 . Impact . | . . . . . . . . . . . . . Slashing 121 | . . . . . . 23 2 34 5 22 35 . Piercing . | . . . . . . . . . . . . . Sneak Attacks 46 | . . . 4 1 1 . . 34 . 1 5 . Combat Hostiles 4 | . . . . . . . . 2 . 1 1 . Follow-up Attacks . | . . . . . . . . . . . . . Damage Inflicted 20021 | 141 602 514 . 193 1356 2769 1695 4968 1735 1659 2919 1470 Guns 7757 | 102 600 150 . 92 1356 1099 1433 29 1344 565 920 67 Cannons 756 | . . . . . . . . . . 390 176 190 Explosions 3136 | 39 . 364 . 101 . 450 227 . 391 37 314 1213 Melee 8335 | . . . . . . 1220 . 4939 . 667 1509 . Ramming 37 | . 2 . . . . . 35 . . . . . Kinetic 8071 | 37 563 150 . 33 1298 1099 1433 29 1344 851 1044 190 Thermal 446 | 39 37 . . 101 58 . . . . 37 112 62 Explosive 1629 | . . 364 . . . 450 227 . 391 . . 197 Electromagnetic 1503 | 65 . . . 59 . . . . . 104 254 1021 Impact . | . . . . . . . . . . . . . Slashing 8335 | . . . . . . 1220 . 4939 . 667 1509 . Piercing . | . . . . . . . . . . . . . Highest Corruption 21 | . . . . . . . 4 4 8 13 21 21 Average Corruption 11 | . . . . . . . 2 4 4 11 16 21 Corruption Purged . | . . . . . . . . . . . . . Effects 340 | . . . . . . . 7 18 25 84 145 61 Message Errors 72 | . . . . . . . 4 2 9 21 26 10 Matter Fused 66 | . . . . . . . . 8 4 18 24 12 Heat Flow Errors 37 | . . . . . . . . 5 3 8 16 5 Energy Discharges 23 | . . . . . . . 1 . 1 8 7 6 Parts Rejected 2 | . . . . . . . . . . . 1 1 Data Loss (minor) 29 | . . . . . . . 2 2 2 5 16 2 Data Loss (major) 13 | . . . . . . . . . 1 7 4 1 Misfires 7 | . . . . . . . . . . 3 3 1 Alerts 3 | . . . . . . . . . . 1 1 1 Misdirections 32 | . . . . . . . . . . 8 19 5 Targeting Errors 46 | . . . . . . . . 1 3 4 23 15 Weapon Failures 10 | . . . . . . . . . 2 1 5 2 Overload Shots . | . . . . . . . . . . . . . Overflow Damage 1925 | . . 1 . 10 . 199 37 1253 . 176 226 23 Projectiles 5 | . . . . . . . . . . 4 1 . Explosions 127 | . . 1 . 10 . 34 37 . . . 22 23 Melee 1793 | . . . . . . 165 . 1253 . 172 203 . Knockbacks 7 | . . . . . . . . . . 5 1 1 Impact . | . . . . . . . . . . . . . Kinetic 7 | . . . . . . . . . . 5 1 1 Secondary . | . . . . . . . . . . . . . Self-Inflicted Damage 312 | . . 15 . 38 . . . . 27 . 65 167 Shots 13 | . . 1 . 1 . . . . 1 . 1 9 Rammed 3 | . 1 . . . . . 2 . . . . . Targets Rammed 5 | . 1 . . . . . 4 . . . . . Kicked . | . . . . . . . . . . . . . Crushed 2 | . . . . . . . 2 . . . . . Highest Temperature 264 | . 36 10 . 8 78 8 91 262 251 255 247 264 Average Temperature 50 | . 11 6 . 6 25 4 22 80 41 70 64 74 Received Heat Transfer 2442 | . 99 12 . 18 351 270 258 9 363 351 282 429 Siege Activations 9 | . . . . . . . . . 6 3 . . Total Turns 151 | . . . . . . . . . 71 80 . . Longest Duration 54 | . . . . . . . . . 24 54 . . Robots Corrupted 3 | . . . . . . . . . . . . 3 Combat Hostiles 3 | . . . . . . . . . . . . 3 Parts Fried 11 | . . . . . . . . . . . 2 9 Impact Corruptions . | . . . . . . . . . . . . . Robots Melted . | . . . . . . . . . . . . . Combat Hostiles . | . . . . . . . . . . . . . Parts Melted . | . . . . . . . . . . . . . Heat Transferred 496 | 50 111 . . 100 111 . . . . 24 50 50 Parts Sabotaged . | . . . . . . . . . . . . . Parts Stolen . | . . . . . . . . . . . . . Parts Stripped . | . . . . . . . . . . . . . Power Chain Reactions 6 | 1 . . . 1 . . . . . 1 . 3 Missiles Intercepted . | . . . . . . . . . . . . . Alert | -11 -10 -10 -10 -9 -8 -8 -7 -7 -7 -7 -7 -7 ------- Run | Scr Mat Min Exi Min Mat Gar Fac Was Fac Gar Fac Gar Peak Influence 1077 | 30 321 150 . 77 387 1077 564 90 357 807 695 834 Initial 564 | . 19 33 . . 29 163 564 77 . 204 423 486 Average 383 | 11 141 34 . 12 200 765 297 35 93 551 481 633 Maximum Alert Level 3 | . 1 . . . 1 3 2 . 1 3 2 3 Low Security (%) 38 | 100 88 100 . 100 48 9 36 100 85 . . . Level 1 15 | . 11 . . . 51 2 30 . 14 17 27 . Level 2 29 | . . . . . . 20 33 . . 52 72 74 Level 3 17 | . . . . . . 67 . . . 30 . 25 Level 4 . | . . . . . . . . . . . . . Level 5 . | . . . . . . . . . . . . . High Security . | . . . . . . . . . . . . . Max Security . | . . . . . . . . . . . . . Squads Dispatched 36 | . . 1 . 1 2 . 15 . 8 . 9 . Investigation 8 | . . . . 1 . . 3 . 1 . 3 . Extermination 9 | . . . . . . . 3 . 2 . 4 . Reinforcement 7 | . . . . . 1 . 2 . 2 . 2 . Assault 1 | . . 1 . . . . . . . . . . Garrison 11 | . . . . . 1 . 7 . 3 . . . Intercept . | . . . . . . . . . . . . . Construction Impeded 1 | . . . . . . . . . . . 1 . Haulers Reinforced 1 | . . . . . . . . . 1 . . . Stealth | -11 -10 -10 -10 -9 -8 -8 -7 -7 -7 -7 -7 -7 --------- Run | Scr Mat Min Exi Min Mat Gar Fac Was Fac Gar Fac Gar Distress Signals 5 | . 1 . . . 1 . 1 . 1 . 1 . Communications Jammed . | . . . . . . . . . . . . . Distress Signals . | . . . . . . . . . . . . . Times Spotted 234 | . 21 11 . 3 34 29 37 6 20 22 29 22 Peak Tracking Total 7 | . 4 4 . 3 7 4 5 2 5 6 4 5 Tactical Retreats 22 | . . . . . 5 2 5 . . 5 1 4 Traps | -11 -10 -10 -10 -9 -8 -8 -7 -7 -7 -7 -7 -7 ------- Run | Scr Mat Min Exi Min Mat Gar Fac Was Fac Gar Fac Gar Traps Triggered 20 | . . . . . . 6 4 . 1 3 . 6 Indirectly . | . . . . . . . . . . . . . Trap Hack Attempts 21 | . . . . . 21 . . . . . . . Triggered . | . . . . . . . . . . . . . Disarmed . | . . . . . . . . . . . . . Reprogrammed 3 | . . . . . 3 . . . . . . . Reused 5 | . . . . . 3 2 . . . . . . Traps Extracted . | . . . . . . . . . . . . . Installed 2 | . . . . . . 2 . . . . . . Triggered 6 | . . . . . 3 2 . . . . 1 . Machines | -11 -10 -10 -10 -9 -8 -8 -7 -7 -7 -7 -7 -7 ---------- Run | Scr Mat Min Exi Min Mat Gar Fac Was Fac Gar Fac Gar Machines Disabled 18 | . . . . . . 4 3 . . 4 6 1 Max in Single Turn 5 | . . . . . . 1 3 . . 1 5 1 Garrison Relay 9 | . . . . . . 4 . . . 4 . 1 Machines Sabotaged . | . . . . . . . . . . . . . Garrisons Compromised . | . . . . . . . . . . . . . Overloaded Fab Kills . | . . . . . . . . . . . . . Fab Network Shutdowns . | . . . . . . . . . . . . . Hacking | -11 -10 -10 -10 -9 -8 -8 -7 -7 -7 -7 -7 -7 --------- Run | Scr Mat Min Exi Min Mat Gar Fac Was Fac Gar Fac Gar Machines Accessed 38 | . 8 . 1 1 5 . 6 . 4 . 13 . Terminals 20 | . 7 . . . 3 . . . 1 . 9 . Fabricators 2 | . . . . . . . . . . . 2 . Repair Stations 2 | . . . . . . . 2 . . . . . Recycling Units 4 | . 1 . . . 1 . . . 1 . 1 . Scanalyzers 4 | . . . . . . . 3 . 1 . . . Garrison Access 4 | . . . . . 1 . 1 . 1 . 1 . Total Hacks 128 | . 32 . 1 1 15 . 25 . 10 . 44 . Successful 66 | . 22 . 1 1 10 . 15 . 3 . 14 . Failed 61 | . 10 . . . 4 . 10 . 7 . 30 . Catastrophic 8 | . . . . . . . . . 1 . 7 . Database Lockouts 1 | . . . . . 1 . . . . . . . Manual 84 | . 31 . . . 14 . 2 . 3 . 34 . Terminals 70 | . 30 . . . 6 . . . 3 . 31 . Fabricators 8 | . . . . . . . . . . . 8 . Repair Stations 8 | . . . . . . . 8 . . . . . Recycling Units 13 | . 2 . . . 5 . . . 2 . 4 . Scanalyzers 19 | . . . . . . . 15 . 4 . . . Garrison Access 8 | . . . . . 4 . 2 . 1 . 1 . Terminal Hacks 16 | . 11 . 1 1 1 . . . . . 2 . Record 1 | . . . 1 . . . . . . . . . Part Schematic 2 | . 2 . . . . . . . . . . . Robot Analysis 4 | . 3 . . . 1 . . . . . . . Prototype ID Bank 5 | . 5 . . . . . . . . . . . Open Door 1 | . . . . 1 . . . . . . . . Terminal Index 2 | . 1 . . . . . . . . . 1 . Fabricator Index 1 | . . . . . . . . . . . 1 . Fabricator Hacks 5 | . . . . . . . . . . . 5 . Load Schematic 1 | . . . . . . . . . . . 1 . Build 4 | . . . . . . . . . . . 4 . Repair Station Hacks 5 | . . . . . . . 5 . . . . . Scan Component 3 | . . . . . . . 3 . . . . . Repair 2 | . . . . . . . 2 . . . . . Recycling Unit Hacks 3 | . 1 . . . 1 . . . . . 1 . Retrieve Components 3 | . 1 . . . 1 . . . . . 1 . Scanalyzer 11 | . . . . . . . 9 . 2 . . . Insert Component 5 | . . . . . . . 4 . 1 . . . Analyze 6 | . . . . . . . 5 . 1 . . . Garrison Access Hacks 4 | . . . . . 1 . 1 . 1 . 1 . Unlock Access 4 | . . . . . 1 . 1 . 1 . 1 . Unauthorized Hacks 22 | . 10 . . . 7 . . . . . 5 . Terminals 18 | . 9 . . . 4 . . . . . 5 . Track 1 | . 1 . . . . . . . . . . . Assimilate 3 | . 3 . . . . . . . . . . . Botnet 12 | . 4 . . . 3 . . . . . 5 . Operators 2 | . 1 . . . 1 . . . . . . . Fabricators . | . . . . . . . . . . . . . Repair Stations . | . . . . . . . . . . . . . Recycling Units 4 | . 1 . . . 3 . . . . . . . Reject 1 | . . . . . 1 . . . . . . . Recyclers 2 | . 1 . . . 1 . . . . . . . Mask 1 | . . . . . 1 . . . . . . . Scanalyzers . | . . . . . . . . . . . . . Garrison Access . | . . . . . . . . . . . . . Data Cores Recovered . | . . . . . . . . . . . . . Used . | . . . . . . . . . . . . . Hacking Detections 32 | . 7 . . . 3 . 6 . 4 . 12 . Full Trace Events 6 | . . . . . . . 3 . . . 3 . Feedback Events 1 | . . . . . . . 1 . . . . . Corruption 1 | . . . . . . . 1 . . . . . Feedback Blocked . | . . . . . . . . . . . . . Robot Schematics Acquired . | . . . . . . . . . . . . . Robots Built . | . . . . . . . . . . . . . Matter . | . . . . . . . . . . . . . Time . | . . . . . . . . . . . . . Total Robot Build Rating . | . . . . . . . . . . . . . Part Schematics Acquired 5 | . 2 . . . . . 2 . 1 . . . Parts Built 4 | . . . . . . . . . . . 4 . Matter 408 | . . . . . . . . . . . 408 . Time 100 | . . . . . . . . . . . 100 . Total Part Build Rating 4 | . . . . . . . . . . . 4 . Parts Repaired 2 | . . . . . . . 2 . . . . . Time 35 | . . . . . . . 35 . . . . . Parts Recycled . | . . . . . . . . . . . . . Recycled Matter . | . . . . . . . . . . . . . Retrieved Matter . | . . . . . . . . . . . . . Retrieved Components 30 | . 10 . . . 10 . . . . . 10 . Parts Scanalyzed 4 | . . . . . . . 3 . 1 . . . Part Schematics Acquired 3 | . . . . . . . 2 . 1 . . . Parts Damaged . | . . . . . . . . . . . . . Bothacking | -11 -10 -10 -10 -9 -8 -8 -7 -7 -7 -7 -7 -7 ------------ Run | Scr Mat Min Exi Min Mat Gar Fac Was Fac Gar Fac Gar Used RIF Installer 2 | . . . . . . 1 . . . 1 . . Watcher Feeds 1 | . . . . . . . . . . 1 . . Robots Hacked 40 | . . . 4 1 . . 11 6 2 4 7 5 Non-combat 11 | . . . 3 . . . 4 . 2 . 2 . Combat 29 | . . . 1 1 . . 7 6 . 4 5 5 Robot Hacks Applied 49 | . . . 4 1 . . 15 6 3 5 10 5 parse_system 6 | . . . 4 1 . . . . . . 1 . generate_echo 1 | . . . . . . . . . . . 1 . find_chute 1 | . . . . . . . 1 . . . . . ignore_repairs 1 | . . . . . . . 1 . . . . . drop_inventory 1 | . . . . . . . . . 1 . . . find_recycling 1 | . . . . . . . . . . . 1 . check_alert 1 | . . . . . . . 1 . . . . . purge_threat 4 | . . . . . . . 4 . . . . . map_route 1 | . . . . . . . . . 1 . . . relay_feed 1 | . . . . . . . . . 1 . . . ignore_targets 6 | . . . . . . . . 6 . . . . scatter_targeting 2 | . . . . . . . 1 . . . . 1 disrupt_area 1 | . . . . . . . . . . 1 . . disable_weapons 1 | . . . . . . . . . . . 1 . reboot_system 1 | . . . . . . . . . . . 1 . go_dormant 2 | . . . . . . . 1 . . . 1 . overwrite_iff 1 | . . . . . . . . . . . 1 . streamctrl_low 1 | . . . . . . . 1 . . . . . formatsys_high 16 | . . . . . . . 5 . . 4 3 4 Relay Couplers Released 35 | . . . . . . 13 . . . 17 . 5 Machine Destruction 35 | . . . . . . 13 . . . 17 . 5 Attached 16 | . . . . . . . 5 1 1 2 3 4 Robots Rewired . | . . . . . . . . . . . . . Allies Hacked . | . . . . . . . . . . . . . Hacks Repelled . | . . . . . . . . . . . . . Allies | -11 -10 -10 -10 -9 -8 -8 -7 -7 -7 -7 -7 -7 -------- Run | Scr Mat Min Exi Min Mat Gar Fac Was Fac Gar Fac Gar Total Allies 41 | . 3 1 . . . . 6 19 . 4 4 4 Largest Group 19 | . 3 4 4 4 3 . 4 19 . 4 3 2 Highest-Rated Group 477 | . 30 61 61 61 51 . 106 477 . 48 48 37 Highest-Rated Ally 35 | . 10 31 31 31 31 . 32 35 . 12 32 32 Total Orders 18 | . 9 3 . 2 . . 3 . . . 1 . STAY 11 | . 4 3 . 1 . . 2 . . . 1 . FOLLOW 7 | . 5 . . 1 . . 1 . . . . . Ally Attacks 283 | . . 4 . 6 10 . 21 163 . 23 35 21 Total Damage 5781 | . . 65 . 104 188 . 813 3485 . 311 467 348 Kills 35 | . . 1 . 2 2 . 7 10 . 4 7 2 Allies Corrupted . | . . . . . . . . . . . . . Allies Melted . | . . . . . . . . . . . . . Intel | -11 -10 -10 -10 -9 -8 -8 -7 -7 -7 -7 -7 -7 ------- Run | Scr Mat Min Exi Min Mat Gar Fac Was Fac Gar Fac Gar Robot Analysis Total 4 | . 3 . . . 1 . . . . . . . Derelict Logs Recovered 3 | . . 3 . . . . . . . . . . Drone Launches . | . . . . . . . . . . . . . Drone Recoveries . | . . . . . . . . . . . . . Exploration | -11 -10 -10 -10 -9 -8 -8 -7 -7 -7 -7 -7 -7 ------------- Run | Scr Mat Min Exi Min Mat Gar Fac Was Fac Gar Fac Gar Turns Passed 15281 | 72 1009 1381 436 344 858 2769 1872 887 892 1728 2217 816 Spaces Moved 7143 | 42 963 684 214 163 294 1159 718 396 374 821 1038 277 Core 720 | 40 673 . . 2 . . . . . . 5 . Treads 5413 | 2 290 684 214 21 178 1159 718 396 374 821 397 159 Legs 285 | . . . . 140 116 . . . . . . 29 Wheels 725 | . . . . . . . . . . . 636 89 Hover . | . . . . . . . . . . . . . Flight . | . . . . . . . . . . . . . Fastest Speed 50 | 50 50 180 200 150 180 180 192 180 180 180 130 140 Average Speed 176 | 82 83 187 200 186 180 210 214 185 180 180 169 224 Slowest Speed 2200 | 160 180 200 200 750 220 240 260 192 180 180 2200 540 Overloaded Moves . | . . . . . . . . . . . . . Propulsion Burnouts . | . . . . . . . . . . . . . Robots Hopped . | . . . . . . . . . . . . . Cave-ins Triggered . | . . . . . . . . . . . . . Exploration Rate (%) 54 | 4 98 98 64 43 34 84 21 95 12 86 27 37 Regions Visited 12 Branch Regions 3 Pre-discovered Areas 2 | . . 1 1 . . . . . . . . . Known Exits Taken 5 | . 1 . 1 . 1 . . . 1 . 1 . Unknown Exits Taken 3 | 1 . 1 . 1 . . . . . . . . Scrap Searched 2 | . . 1 . 1 . . . . . . . . Spaces Dug 54 | . 3 9 . . . 7 2 . 4 3 14 12 Terrain Destroyed 225 | 5 4 26 . 12 . 39 7 . 30 9 61 32 Melee 27 | . . . . . . 4 2 . 4 3 14 . Projectile 6 | . 4 . . . . . . . . . 1 1 AOE 192 | 5 . 26 . 12 . 35 5 . 26 6 46 31 Terrain Rammed . | . . . . . . . . . . . . . Walls Destroyed . | . . . . . . . . . . . . . Machines Disabled . | . . . . . . . . . . . . . Actions | -11 -10 -10 -10 -9 -8 -8 -7 -7 -7 -7 -7 -7 --------- Run | Scr Mat Min Exi Min Mat Gar Fac Was Fac Gar Fac Gar Total 8872 | 60 1075 762 218 193 510 1354 957 481 518 977 1343 424 Wait 553 | . 28 40 . 5 82 43 93 7 59 39 131 26 Move 7134 | 41 962 683 213 162 294 1158 718 395 373 820 1038 277 Hop . | . . . . . . . . . . . . . Pick Up 137 | 5 15 6 . 5 7 21 13 12 9 20 15 9 Fast Attach 59 | 4 2 3 . 3 10 6 7 4 1 1 11 7 Attach 64 | . 3 1 . . 3 8 8 3 8 9 10 11 Detach 40 | . 3 1 . . 3 7 4 2 4 3 10 3 Swap 106 | 1 10 5 1 4 7 8 21 1 15 6 16 11 Drop 109 | 1 4 6 . 5 15 12 8 13 6 11 15 13 Fire 474 | 8 47 17 . 8 67 54 75 10 38 39 62 49 Melee 127 | . . . 4 1 1 23 2 34 5 22 35 . Ram . | . . . . . . . . . . . . . Kick . | . . . . . . . . . . . . . Crush 5 | . 1 . . . . . 4 . . . . . Escape Stasis 41 | . . . . . . 12 4 . . 7 . 18 Rewire . | . . . . . . . . . . . . . Trap 23 | . . . . . 21 2 . . . . . . Miscellaneous . | . . . . . . . . . . . . . Route ------- -11/Scrapyard -10/Materials (discovered 5 exits: *Mat x3 / *Min x2) -10/Mines (discovered 3 exits: *Mat x2 / *Exi) -10/Exiles (discovered 2 exits: *Min x2) -9/Mines (discovered 2 exits: *Mat x2) -8/Materials (discovered 2 exits: *Fac / Gar) -8/Garrison (discovered 3 exits: *Fac x3) -7/Factory (discovered 3 exits: [*Sto] / *Low / Gar) -7/Waste -7/Factory -7/Garrison (discovered 3 exits: *Fac x3) -7/Factory (discovered 3 exits: [*Fac] / *Low / Gar) -7/Garrison History --------- Turn | Location | Event 9 | -11/Scrapyard | Discovered new exit (range 15) 73 | -11/Scrapyard | Entered Materials 104 | -10/Materials | Discovered new exit (range 16) 119 | -10/Materials | Discovered new exit (range 10) 241 | -10/Materials | Discovered new exit (range 10) 250 | -10/Materials | Identified exit to Materials 311 | -10/Materials | Build established: Mutant 341 | -10/Materials | Discovered new exit (range 7) 346 | -10/Materials | Identified exit to Mines 467 | -10/Materials | Discovered exit to Materials (range 9) 1082 | -10/Materials | Entered Mines 1082 | -10/Mines | Accompanied by 3 allies 1147 | -10/Mines | Received a Rocket Launcher from a helpful Derelict 1208 | -10/Mines | Found a hidden stash of uninstalled traps 1243 | -10/Mines | Deemed a non-threat by the Exiles lab entrance 1243 | -10/Mines | Discovered new exit (range 5) 1539 | -10/Mines | Discovered exit to Materials (range 11) 1605 | -10/Mines | Learned location of Zion (-7) 1810 | -10/Mines | Learned Materials machine intel 1810 | -10/Mines | Discovered exit to Materials (range 4) 2160 | -10/Mines | Met a Derelict testing a Signal Generator 2463 | -10/Mines | Entered Exiles 2463 | -10/Exiles | Accompanied by 4 allies 2464 | -10/Exiles | Identified exit to Mines 2511 | -10/Exiles | Met 8R-AWN 2553 | -10/Exiles | Met EX-HEX 2645 | -10/Exiles | Met EX-DEC 2735 | -10/Exiles | Met EX-BIN 2899 | -10/Exiles | Entered Mines 2899 | -9/Mines | Accompanied by 4 allies 2940 | -9/Mines | YI-UF0 nonchalantly dropped a Grenade Launcher on the ground 2954 | -9/Mines | Destroyed YI-UF0 2975 | -9/Mines | Found YI-UF0's Doublenader 3023 | -9/Mines | Discovered new exit (range 5) 3163 | -9/Mines | Discovered new exit (range 7) 3180 | -9/Mines | Met a Derelict shopkeep closing up shop 3243 | -9/Mines | Entered Materials 3243 | -8/Materials | Accompanied by 3 allies 3243 | -8/Materials | Evolved 4 slots: Utility x4 3244 | -8/Materials | Loaded intel: 62 machine locations 3288 | -8/Materials | Central database locked down 3492 | -8/Materials | Build established: Scavenger-Mutant 3789 | -8/Materials | Discovered new exit (range 6) 3916 | -8/Materials | Build established: Mutant 3979 | -8/Materials | Garrison activated, responded to threat 4101 | -8/Materials | Identified exit to Garrison 4101 | -8/Materials | Entered Garrison 4140 | -8/Garrison | Triggered checkpoint 4256 | -8/Garrison | Triggered checkpoint 4357 | -8/Garrison | Triggered checkpoint 4359 | -8/Garrison | Triggered checkpoint 4439 | -8/Garrison | Triggered checkpoint 4460 | -8/Garrison | Destroyed 9 combat bots 4545 | -8/Garrison | Discovered new exit (range 12) 4773 | -8/Garrison | Discovered new exit (range 10) 4803 | -8/Garrison | Installed Relay Interface Framework 4854 | -8/Garrison | Triggered checkpoint 4921 | -8/Garrison | Garrison Relay disabled 5272 | -8/Garrison | Discovered new exit (range 9) 5365 | -8/Garrison | Triggered checkpoint 5506 | -8/Garrison | Garrison Relay disabled 6056 | -8/Garrison | Garrison Relay disabled 6140 | -8/Garrison | Build established: Bothacker-Mutant 6236 | -8/Garrison | Triggered checkpoint 6342 | -8/Garrison | Garrison Relay disabled 6870 | -8/Garrison | Entered Factory 6870 | -7/Factory | Evolved 2 slots: Utility x2 7268 | -7/Factory | Discovered new exit (range 13) 7294 | -7/Factory | Identified exit to Lower Caves 7297 | -7/Factory | Build established: Bothacker-Skirmisher 7503 | -7/Factory | Repaired Lgt. Treads 7526 | -7/Factory | Repaired Flak Gun 7693 | -7/Factory | Discovered new exit (range 7) 7744 | -7/Factory | Build established: Bothacker-Mutant 8130 | -7/Factory | Identified exit to Garrison 8186 | -7/Factory | Garrison activated, responded to threat 8229 | -7/Factory | Garrison activated, responded to threat 8405 | -7/Factory | Garrison activated, responded to threat 8742 | -7/Factory | Sucked down chute 8742 | -7/Factory | Entered Waste 8844 | -7/Waste | Spotted C-40 Crusher 8865 | -7/Waste | Spotted C-40 Crusher 8900 | -7/Waste | Spotted C-40 Crusher 8906 | -7/Waste | Spotted C-40 Crusher 8929 | -7/Waste | Crushed by Compactor (1 part destroyed, 1 dropped) 8940 | -7/Waste | Spotted C-40 Crusher 8978 | -7/Waste | Spotted C-40 Crusher 9000 | -7/Waste | Discovered new exit (range 15) 9016 | -7/Waste | Warlord forces began an assault 9023 | -7/Waste | Allies destroyed C-40 Crusher 9028 | -7/Waste | Allies destroyed C-40 Crusher 9029 | -7/Waste | Found Imp. Powered Armor 9154 | -7/Waste | Allies destroyed C-40 Crusher 9171 | -7/Waste | Allies destroyed C-40 Crusher 9215 | -7/Waste | Found Damper Plating 9222 | -7/Waste | Found Damper Plating 9261 | -7/Waste | Allies destroyed C-40 Crusher 9267 | -7/Waste | Found Damper Plating 9627 | -7/Waste | Identified exit to Factory 9629 | -7/Waste | Entered Factory 10424 | -7/Factory | Build established: Hauler-Mutant 10511 | -7/Factory | Identified exit to Garrison 10521 | -7/Factory | Entered Garrison 10584 | -7/Garrison | Triggered checkpoint 10677 | -7/Garrison | Garrison Relay disabled 10983 | -7/Garrison | Build established: Bothacker-Mutant 11038 | -7/Garrison | Triggered checkpoint 11158 | -7/Garrison | System corruption reached 10% 11196 | -7/Garrison | Triggered checkpoint 11294 | -7/Garrison | Discovered new exit (range 14) 11470 | -7/Garrison | Discovered new exit (range 10) 11558 | -7/Garrison | Triggered checkpoint 11612 | -7/Garrison | Discovered new exit (range 9) 11625 | -7/Garrison | Identified exit to Factory 11641 | -7/Garrison | Expanded RIF knowledge: Patrol Navigation 11698 | -7/Garrison | Triggered checkpoint 11729 | -7/Garrison | Garrison Relay disabled 11958 | -7/Garrison | Triggered checkpoint 11969 | -7/Garrison | Garrison Relay disabled 12179 | -7/Garrison | Garrison Relay disabled 12249 | -7/Garrison | Entered Factory 12249 | -7/Factory | Accompanied by 3 allies 12734 | -7/Factory | Discovered exit to Lower Caves (range 4) 12962 | -7/Factory | P-60 Hacker assimilated allied Guardian 4d 13273 | -7/Factory | Core integrity fell below 50% 13414 | -7/Factory | Discovered new exit (range 15) 14114 | -7/Factory | Fabricated Hcp. Storage Unit (x1) 14144 | -7/Factory | Fabricated Hcp. Storage Unit (x1) 14178 | -7/Factory | Fabricated Hcp. Storage Unit (x1) 14203 | -7/Factory | Fabricated Hcp. Storage Unit (x1) 14466 | -7/Factory | Identified exit to Garrison 14466 | -7/Factory | Entered Garrison 14682 | -7/Garrison | Garrison Relay disabled 14724 | -7/Garrison | Triggered checkpoint 14808 | -7/Garrison | Triggered checkpoint 14833 | -7/Garrison | Triggered checkpoint 14836 | -7/Garrison | Triggered checkpoint 14857 | -7/Garrison | Core integrity fell below 20% 14934 | -7/Garrison | Lost 6 parts (1p2n3w) 15161 | -7/Garrison | Triggered checkpoint 15282 | -7/Garrison | Destroyed self with Light Nuclear Core chain reaction Last Messages --------------- 15176_ Lgt. Nuclear Core destroyed. 15178_ Destroyed Particle Gun. 15180_ System corrupted: Matter fused (-6). 15182_ Acquired Unknown Leg. 15182_ Identified Aluminum Leg. 15190_ Acquired Aluminum Leg. 15196_ System corrupted: Matter fused (-8). 15198_ Acquired Imp. Deuterium Engine. 15207_ Acquired 60 matter. 15211_ System corrupted: Component data lost. 15213_ Acquired 5 matter. 15219_ Acquired 17 matter. 15226_ System corrupted: Heat flow error (+190). 15230_ Acquired 44 matter. 15248_ Acquired 70 matter. 15279_ Acquired 37 matter. 15282_ Imp. Heat Sink fried. 15282_ Lgt. Nuclear Core fried. 15282_ G-47 Trooper destroyed. 15282_ Chain reaction triggered in Lgt. Nuclear Core. Map ----- +----------------------------------------------------+ | ?????????????????????????????????????????????????? | | ?????????????????????????????????????????????????? | | ?????????????????????????????????????????????????? | | ?????????????????????????????????????????????????? | | ?????????????????????????????? ??????????????????? | | ?????????????????????????????# ??????????????????? | | ?????????????????????????????# ??????????????????? | | ?????????????????????????????# ??????????????????? | | ????????????????????????#????# ??????????????????? | | ????????????????????????# ???# ??????????????????? | | ????????????????????????# ?## ###???????????????? | | ????????????????????????# ?# #???????????????? | | ???????????????????????## ## ######??????????? | | ???????????????????##### % #####??????? | | ???????????????????? ???????? | | ?????????????????????? ?????????? | | ???????????????????????# ## ## #??????????? | | ?????????????????????### ## # ###????????? | | ?????????????????????# #??##????? | | ?????????????????????# = ######???? | | ?????????????????????# !== ## #???? | | ?????????????????????# [ # # #???? | | ?????????????????????### ## !## #### #???? | | ?????????????########### ## = ## # ## ####### | | ?????????????# [ ! = | | ?????????????# @ = = [ ### | | ?????????????# ######## =% [ # # #?? | | ???????????????????????## ## ## # ## ## #?? | | ????????????????????????# ## ## ##### ## #?? | | ????????????????????????# ######## #???# ## ### | | ????????????????????????# #??????# #???# # " | | ????????????????????????# #??????# ##### ## ### | | ????????????????????????# #??????# " ## #?? | | ????????????????????????# #??????# ######## #?? | | ???????????????????????? #??????# ######## #?? | | ???????????????????????? #??????# ### | | ????????????????????????####??????# ^ | | ??????????????????????????????????########### ### | | ????????????????????????????????????????????# #?? | | ????????????????????????????????????????????# #?? | | ????????????????????????????????????????????# #?? | | ????????????????????????????????????????????# #?? | | ????????????????????????????????????????????# #?? | | ????????????????????????????????????????????# ### | | ????????????????????????????????????????????# | | ????????????????????????????????????????????# | | ????????????????????????????????????????????###### | | ?????????????????????????????????????????????????? | | ?????????????????????????????????????????????????? | | ?????????????????????????????????????????????????? | +----------------------------------------------------+ Best States ------------- Heat Dissipation 34 Energy Generation 21 Energy Capacity 325 Matter Stores 300 Matter Capacity 300 Sight Range 18 Robot Scan Range 16 Terrain Scan Density 10 Armor Coverage 525 Core Shielding 20 Weapon Shielding 33 Evasion (%) 50 Armor Integrity Analysis 33 Recoil Reduction 2 Salvage Targeting 1 Offensive Hacking 10 Defensive Hacking 10 Relay Coupler Types 48 Relay Coupler Value 2 Item Schematics ----------------- Hcp. Storage Unit | -10/Materials | Hacked Med. Storage Unit | -10/Materials | Hacked Hacking Suite | -7/Factory | Scanalyzed System Shield | -7/Factory | Scanalyzed Flak Gun | -7/Factory | Scanalyzed Robot Schematics ------------------ None Fabricated ------------ Hcp. Storage Unit | x1 | -7/Factory Hcp. Storage Unit | x1 | -7/Factory Hcp. Storage Unit | x1 | -7/Factory Hcp. Storage Unit | x1 | -7/Factory Alien Tech Used ----------------- None Achievements -------------- None Challenges ------------ None Game ------ Seed LayeredSubatomicScreen Manual? 0 Play Time 02:16:04 Cumulative 413.6 hours Start 2021.07.20 @ 16:23:46 End 2021.07.20 @ 19:30:27 Sessions 5 Manual Loads 0 Difficulty Rogue Special Mode None Game No. 335 Rogue 335 Adventurer 0 Explorer 0 Win Type - Total 1 Types 0/0/0/1/0/0/0/0/0 Lore% 71 Gallery% 80 Achievement% 60 Wizard Run 0 Options --------- ASCII 0 Keyboard 1 Movement Numpad Keybinds 0 Fullscreen 1 Font 12/Terminus Map View 83x54 Tactical HUD 1 Map Filters NONE Filters NONE Steam 1 RUN: 6287fae2-a8ea-4f9c-a1a0-f9922830325a